 Dungeon Crawl Stone Soup version 0.30-a0-6-g7c9e10e132 (webtiles) character file.

Game seed: 16083432026554553784

519 SensoryNuts the Chopper (level 7, -23/60 HPs)
             Began as a Hill Orc Fighter on Aug 22, 2022.
             Annihilated by an ogre
             ... wielding a +0 giant spiked club
              (36 damage)
             ... on level 5 of the Dungeon.
             The game lasted 00:03:30 (4371 turns).

SensoryNuts the Chopper (Hill Orc Fighter)          Turns: 4371, Time: 00:03:31

Health: -23/60     AC:  0    Str: 19 (21) XL:     7   Next: 21%
Magic:  7/7        EV:  9    Int:  5 (8)  God:
Gold:   243        SH:  4    Dex:  8 (10) Spells: 6/6 levels left

rFire   . . .      SeeInvis +    p - +2 hand axe (venom)
rCold   . . .      Faith    .    c - +0 buckler
rNeg    . . .      Spirit   .    b - +0 scale mail
rPois   .          Reflect  .    (no helmet)
rElec   .          Harm     .    (no cloak)
rCorr   .          Rampage  .    (no gloves)
Will    .....                    (no boots)
Stlth   ..........               (no amulet)
HPRegen 0.20/turn                n - ring of see invisible
MPRegen 0.10/turn                (no ring)

@: corroded
A: no striking features
a: no special abilities


You were on level 5 of the Dungeon.
You visited 1 branch of the dungeon, and saw 5 of its levels.

You collected 243 gold pieces.

Inventory:

Hand Weapons
 a - a +0 war axe
 p - a +2 hand axe of venom (weapon)
Armour
 b - a +0 scale mail (worn)
 c - a +0 buckler (worn)
 g - a +0 cloak
Jewellery
 f - a ring of positive energy
 n - a ring of see invisible (left hand)
Wands
 o - a wand of mindburst (4)
Scrolls
 d - a scroll of identify
 q - a scroll of immolation
Potions
 h - 2 potions of magic


   Skills:
 + Level 4.5 Fighting
 * Level 7.2 Axes
 + Level 5.2 Armour
 + Level 1.4 Dodging
 + Level 0.3 Stealth
 + Level 3.9 Shields


You had 6 spell levels left.
You didn't know any spells.
Your spell library contained the following spells:

 Spells                   Type           Power      Damage    Failure   Level
 Slow                     Hex            0%         N/A       89%         1
 Sublimation of Blood     Necr           0%         N/A       96%         2
 Wereblood                Tmut           0%         N/A       96%         2
 Confusing Touch          Hex            0%         N/A       99%         3
 Conjure Flame            Conj/Fire      0%         6-21      99%         3
 Ignite Poison            Fire/Tmut/Pois 0%         N/A       99%         3
 Vampiric Draining        Necr           0%         2d6       99%         3
 Sticky Flame             Conj/Fire      0%         2d3       100%        4
 Summon Hydra             Summ           0%         N/A       100%        7


Dungeon Overview and Level Annotations

Branches:
Dungeon (5/15)
 Temple: D:4-7

Altars:
Yredelemnul

Shops:
D:2 [


Message History

You barely miss the hound. You hit the orc.
The orc is poisoned.
You block the hound's attack. The orc barely misses you.
You barely miss the orc.
The orc is severely wounded.
You hit the hound but do no damage.
The hound is poisoned.
You kill the orc!
The hound bites you. The hound completely misses you.
You hit the hound but do no damage.
The hound is lightly wounded.
The hound closely misses you.
You miss the hound.
The hound is moderately wounded.
You barely miss the ogre. The hound bites you. The ogre closely misses you.
You hit the hound but do no damage.
The hound looks as sick as possible!
The hound is moderately wounded.
You hit the ogre but do no damage.
The ogre is poisoned.
The hound bites you. x2
The ogre hits you with a +0 giant spiked club!
* * * LOW HITPOINT WARNING * * *
You are too injured to fight recklessly!
You are too injured to fight recklessly!
You are too injured to fight recklessly!
You are too injured to fight recklessly!
You are too injured to fight recklessly!
There are monsters nearby!
There are monsters nearby!
Unknown command.
Okay, then.
Unknown command.
Okay, then.
You hit the ogre but do no damage.
The ogre looks as sick as possible!
You hit the hound but do no damage.
The hound looks as sick as possible!
The hound bites you.
* * * LOW HITPOINT WARNING * * *
Unknown command.
You hit the ogre.
The ogre looks as sick as possible!
The ogre is lightly wounded.
You completely miss the hound. The hound barely misses you.
The ogre hits you with a +0 giant spiked club!!!
Ouch! That really hurt!
You die...

#
########################
............>..........#
.................<......
.......................#
..............$.....[...
..................?....#
........................
................@......#
...............Oh).....#
.......................#
.......................#
.................#
...)..<......^..#
...............#
.>..........?.#


You could see an ogre (extremely poisoned) and a hound (extremely poisoned).

Vanquished Creatures
  The ghost of SensoryNuts the Trooper, an amateur OgFi (D:4)
  A necrophage (D:5)
  A jelly (D:5)
  An orc priest (D:3)
  2 iguanas
  4 orc wizards (D:3)
  A gnoll (D:1)
  3 adders
  A worm (D:2)
  3 dart slugs
  6 orcs
  7 endoplasms
  3 giant cockroaches (D:1)
  2 hobgoblins
  9 jackals
  11 kobolds
  2 quokkas
  2 ball pythons
  A bat (D:3)
  4 frilled lizards
  6 goblins
  3 rats
74 creatures vanquished.

Notes
Turn   | Place    | Note
-------+----------+-------------------------------------------
     0 | D:1      | SensoryNuts the Hill Orc Fighter began the quest for the
                  | Orb.
     0 | D:1      | Reached XP level 1. HP: 19/19 MP: 1/1
   149 | D:1      | Reached XP level 2. HP: 25/27 MP: 2/2
   441 | D:1      | Reached XP level 3. HP: 33/33 MP: 3/3
   451 | D:1      | Reached skill level 3 in Axes
  1298 | D:2      | Found Ifolukk's Antique Armour Shop.
  1379 | D:2      | Found a faded altar of an unknown god.
  1465 | D:2      | HP: 1/33 [worm (5)]
  1803 | D:2      | You fall into a shaft and drop 1 floor!
  2067 | D:3      | Reached XP level 4. HP: 40/40 MP: 4/4
  2189 | D:3      | Reached skill level 4 in Axes
  2198 | D:3      | Reached skill level 1 in Dodging
  2674 | D:3      | Reached XP level 5. HP: 38/46 MP: 5/5
  2690 | D:3      | Reached skill level 5 in Axes
  3216 | D:4      | Found a large runed translucent door.
  3216 | D:4      | Found a large runed translucent door.
  3220 | D:4      | Noticed SensoryNuts's ghost (amateur OgFi)
  3255 | D:4      | Found a basalt altar of Yredelemnul.
  3449 | D:4      | Reached XP level 6. HP: 45/52 MP: 6/6
  3651 | D:4      | Killed SensoryNuts's ghost
  3652 | D:4      | Reached skill level 6 in Axes
  3957 | D:5      | Entered Level 5 of the Dungeon
  3973 | D:5      | Reached skill level 7 in Axes
  3973 | D:5      | Reached skill level 5 in Armour
  3973 | D:5      | Reached XP level 7. HP: 15/60 MP: 7/7
  4371 | D:5      | Annihilated by an ogre

Illustrated notes

Levels and vault maps discovered:
D:1:      erik_arrival_orb_chamber, layout_basic, minmay_strange_pillars
D:2:      layout_basic, basic_ecumenical_altar, serial_shops,
          nicolae_shop_statue_plus
D:3:      layout_loops_ring
D:4:      layout_loops_ring, mainiacjoe_overflow_brackets,
          ebering_ghost_disaster_area
D:5:      layout_basic, minmay_temple_entry_butterflies, uniq_sigmund

Skill      XL: |  1  2  3  4  5  6 |
---------------+-------------------+-----
Fighting       | 4 |  4.5
Axes           | 3 4 5 7 |  7.2
Armour         | 4 5 |  5.2
Dodging        | 1 |  1.4
Stealth        | |  0.3
Shields        | |  3.9

Action                   |  1- 3 |  4- 6 |  7- 9 || total
-------------------------+-------+-------+-------++-------
Melee: War axe           |   100 |    24 |       ||   124
       Hand axe          |       |    79 |    16 ||    95
  Use: Potion            |     2 |     9 |       ||    11
       Scroll            |       |     6 |       ||     6
Armor: Scale mail        |    51 |    42 |     1 ||    94
Dodge: Dodged            |    42 |    41 |    11 ||    94
Block: Buckler           |    16 |    13 |     2 ||    31

Table legend: (Time is in decaauts)
 A = Elapsed time spent in this place.
 B = Non-inter-level travel time spent in this place.
 C = Inter-level travel time spent in this place.
 D = Time resting spent in this place.
 E = Time spent auto-exploring this place.
 F = Levels seen in this place.
 G = Mean time per level.
                   A        B        C        D        E       F      G
               +--------+--------+--------+--------+--------+-----+--------+
         Total |   4427 |   4205 |    222 |    141 |   3518 |   5 |  885.4 |
       Dungeon |   4427 |   4205 |    222 |    141 |   3518 |   5 |  885.4 |
               +--------+--------+--------+--------+--------+-----+--------+

Top non-repeatable levels by time:
     D:1: 1168 daAuts
     D:3: 1113 daAuts
     D:4: 918 daAuts
     D:2: 814 daAuts
     D:5: 413 daAuts
